 Dungeon Crawl Stone Soup version 0.31.0-11-ge490571c62 (webtiles) character file.

Game seed: 13565216295473655741

421854 Strat the Warrior (level 24, -32/175 (262) HPs)
             Began as an Oni Artificer on Jan 31, 2024.
             Was the Champion of Nemelex Xobeh.
             Blown up by a lich (64 damage)
             ... with a wavering orb of destruction
             ... on level 5 of the Vaults on Feb 1, 2024.
             The game lasted 03:23:21 (79225 turns).

Strat the Warrior (Oni Artificer)                  Turns: 79225, Time: 03:23:22

HP:   -32/175 (262) AC: 31    Str: 27    XL:     24   Next: 27%
MP:   36/36         EV:  7    Int:  8    God:    Nemelex Xobeh [******]
Gold: 4578          SH: 13    Dex:  9    Spells: 19/23 levels left

rFire   + . .        b - +7 broad axe (flame)
rCold   . . .        U - +0 kite shield {reflect}
rNeg    . . .        y - +3 storm dragon scales {Bai Suzhen}
rPois   +            h - +2 hood of the Assassin {Detect Stab+ Stlth++}
rElec   +            F - +4 cloak of Polish {rPois Will+++ Int-4 Dex-4}
rCorr   .            (gloves unavailable)
SInv    .            (boots unavailable)
Will    +++++        N - amulet of regeneration Stlth
                     q - ring of protection from fire
HPRegen 1.29/turn    f - +4 ring of protection
MPRegen 0.25/turn

%: reflection
@: on berserk cooldown, slowed, studying 4 skills, very heavily drained, very
slow
A: large, unfitting armour, horns 1, tough skin 1, double potion healing,
drunken brawling
a: Renounce Religion, Draw Escape, Draw Destruction, Draw Summoning, Draw Stack,
Triple Draw, Deal Four, Stack Five


You were on level 5 of the Vaults.
You worshipped Nemelex Xobeh.
Nemelex Xobeh was exalted by your worship.
You visited 10 branches of the dungeon, and saw 44 of its levels.
You also visited: Sewer, Bailey and Volcano.

You collected 8614 gold pieces.
You spent 4036 gold pieces at shops.

Inventory:

Hand Weapons
 b - a +7 broad axe of flaming (weapon)
Missiles
 i - 65 large rocks (quivered)
 j - 3 throwing nets
 M - 10 silver javelins
 W - 7 javelins
Armour
 h - the +2 hood of the Assassin (worn) {Detect Stab+ Stlth++}
   (You bought it in a shop on level 1 of the Elven Halls)

   Detect:    It allows the wearer to sense nearby creatures.
   Stab+:     It allows the wearer to make particularly effective stabbing
   attacks against helpless or unaware enemies with any weapon.
   Stlth++:   It makes you much more stealthy.
 y - +3 storm dragon scales (worn) {Bai Suzhen}
 F - the +4 cloak of Polish (worn) {rPois Will+++ Int-4 Dex-4}
   (You acquired it on level 5 of the Lair of Beasts)

   Int-4:     It affects your intelligence (-4).
   Dex-4:     It affects your dexterity (-4).
   rPois:     It protects you from poison Will+++: It greatly increases your
   willpower.
 U - a +0 kite shield of reflection (worn)
Jewellery
 a - a ring of protection from cold
 f - a +4 ring of protection (right hand)
 q - a ring of protection from fire (left hand)
 z - a ring of positive energy
 N - an amulet of regeneration (around neck)
Wands
 d - a wand of charming (55)
 w - a wand of acid (4)
 I - a wand of flame (48)
 K - a wand of roots (26)
 O - a wand of polymorph (16)
 X - a wand of mindburst (20)
Scrolls
 e - 8 scrolls of enchant armour
 k - 14 scrolls of teleportation
 m - 11 scrolls of fog
 C - 7 scrolls of immolation
 D - 10 scrolls of vulnerability
 G - 9 scrolls of revelation
 H - 6 scrolls of poison
 J - 2 scrolls of summoning
 Q - 2 scrolls of silence
 S - a scroll of fear
 T - 2 scrolls of amnesia
Potions
 c - 7 potions of ambrosia
 g - 5 potions of cancellation
 n - 9 potions of haste
 o - 3 potions of resistance
 r - 14 potions of lignification
 s - 9 potions of enlightenment
 u - 6 potions of mutation
 x - 7 potions of brilliance
 E - 2 potions of might
 L - 5 potions of berserk rage
 R - 5 potions of magic
 Z - 2 potions of invisibility
Miscellaneous
 l - a phantom mirror


   Skills:
 - Level 19.5 Fighting
 - Level 16.6(18.0) Axes
 - Level 11.6(15.5) Maces & Flails
 - Level 19.0 Throwing
 + Level 13.1 Armour
 - Level 2.1 Dodging
 - Level 0.6 Stealth
 - Level 17.0 Shields
 - Level 19.5 Invocations
 - Level 16.0 Evocations


You had 19 spell levels left.
You knew the following spells:

 Your Spells              Type           Power      Damage    Failure   Level
a - Jinxbite              Hex            0%         N/A       98%         2
b - Blink                 Tloc           0%         N/A       98%         2

Your spell library contained the following spells:

 Spells                   Type           Power      Damage    Failure   Level
 Apportation              Tloc           0%         N/A       93%         1
 Magic Dart               Conj           0%         1d3       93%         1
 Necrotise                Necr           0%         1d4       93%         1
 Shock                    Conj/Air       0%         1d3       93%         1
 Sting                    Conj/Alch      0%         1d3       93%         1
 Summon Small Mammal      Summ           0%         N/A       93%         1
 Call Imp                 Summ           0%         N/A       98%         2
 Cigotuvi's Dreadful Rot  Necr/Alch/Air  0%         N/A       98%         2
 Ensorcelled Hibernation  Hex/Ice        0%         N/A       98%         2
 Lesser Beckoning         Tloc           0%         N/A       98%         2
 Momentum Strike          Conj/Tloc      0%         3d8       98%         2
 Searing Ray              Conj           0%         2d4       98%         2
 Static Discharge         Conj/Air       0%         3-3/arc   98%         2
 Sublimation of Blood     Necr           0%         N/A       98%         2
 Call Canine Familiar     Summ           0%         N/A       100%        3
 Fugue of the Fallen      Necr           0%         N/A       100%        3
 Ozocubu's Armour         Ice            0%         N/A       100%        3
 Stone Arrow              Conj/Erth      0%         3d7       100%        3
 Swiftness                Air            0%         N/A       100%        3
 Tukima's Dance           Hex            0%         N/A       100%        3
 Airstrike                Air            0%         2d(0-16)  100%        4
 Anguish                  Hex/Necr       0%         N/A       100%        4
 Animate Armour           Summ/Erth      0%         N/A       100%        4
 Cause Fear               Hex            0%         N/A       100%        4
 Dimensional Bullseye     Hex/Tloc       0%         N/A       100%        4
 Fulminant Prism          Conj/Alch      0%         3d5       100%        4
 Ignite Poison            Fire/Alch      0%         N/A       100%        4
 Iskenderun's Mystic Bla  Conj/Tloc      0%         2d3       100%        4
 Manifold Assault         Tloc           0%         N/A       100%        4
 Summon Blazeheart Golem  Fire/Summ      0%         N/A       100%        4
 Summon Lightning Spire   Summ/Air       0%         N/A       100%        4
 Alistair's Intoxication  Alch           0%         N/A       100%        5
 Borgnjor's Vile Clutch   Necr/Erth      0%         N/A       100%        5
 Fireball                 Conj/Fire      0%         3d3       100%        5
 Freezing Cloud           Conj/Ice/Air   0%         6-21      100%        5
 Metabolic Englaciation   Hex/Ice        0%         N/A       100%        5
 Yara's Violent Unravell  Hex/Alch       0%         3d3       100%        5
 Eringya's Noxious Bog    Alch           0%         4d6       100%        6
 Sculpt Simulacrum        Ice/Alch       0%         N/A       100%        6
 Enfeeble                 Hex            0%         N/A       100%        7
 Malign Gateway           Summ/Tloc      0%         N/A       100%        7
 Summon Hydra             Summ           0%         N/A       100%        7
 Lehudib's Crystal Spear  Conj/Erth      0%         10d2      100%        8
 Summon Horrible Things   Summ           0%         N/A       100%        8
 Dragon's Call            Summ           0%         N/A       100%        9


Dungeon Overview and Level Annotations

Branches:
Dungeon (15/15)            Temple (1/1) D:7            Lair (5/5) D:10
 Shoals (4/4) Lair:3       Spider (4/4) Lair:2        Slime (1/5) Lair:4
    Orc (2/2) D:11            Elf (3/3) Orc:2        Vaults (5/5) D:13
  Crypt (0/3) Vaults:2     Depths (4/4) D:15            Zot (0/5) Depths:4
  Sewer (visited)          Bailey (visited)         Volcano (visited)

Altars:
Ashenzari
Cheibriados
Dithmenos
Elyvilon
Fedhas
Gozag
Hepliaklqana
Kikubaaqudgha
Makhleb
Nemelex Xobeh
Okawaru
Qazlal
Ru
Sif Muna
Trog
Uskayaw
Vehumet
Wu Jian
Xom
Yredelemnul
Zin
The Shining One
Jiyva
Lugonu

Shops:
D:1 ?   D:3 [   D:5 *   D:10 ?   D:13 [   Orc:1 :   Orc:2 (([*   Elf:1 [
Elf:2 ?   Shoals:1 (   Shoals:3 **   Shoals:4 :   Vaults:1 [   Vaults:2 (
Vaults:3 ?   Depths:1 :

Portals:
Hell: Depths:1 Depths:2 Depths:3 Depths:4
Abyss: Lair:5 Depths:3
Pandemonium: Depths:2 Depths:3
Ziggurat: Depths:4
Trove: Depths:3 (show slimy rune of Zot)

Annotations:
D:15 6 transporters, 3 runed translucent doors, MuffinSoup's ghost, journeyman OpHW
Temple 2 transporters
Shoals:2 Mlioglotl
Shoals:3 3 runed translucent doors, exclusion: obsidian statue, royokou's ghost, adept GrEE
Spider:3 2 runed translucent doors
Spider:4 Roxanne
Elf:2 3 runed translucent doors
Elf:3 36 runed translucent doors
Abyss:1 Mennas


Innate Abilities, Weirdness & Mutations

You are too large for most types of armour.
You have a pair of small horns on your head.
You have tough skin. (AC +1)
You gain doubled healing and magic from potions.
Whenever you drink a healing potion, you attack all around you.


Message History

You slash the shadow dragon! You burn the shadow dragon.
You headbutt the shadow dragon!
The shadow dragon is heavily wounded.
The shadow dragon breathes negative energy at you.
The bolt of negative energy hits you!!
You feel drained.
* * * LOW HITPOINT WARNING * * *
You hear a shout!
Okay, then.
A red film seems to cover your vision as you go berserk!
You feel yourself moving faster!
You feel mighty!
You block the shadow dragon's attack. x2
The shadow dragon claws you but does no damage.
You slice the shadow dragon!! You burn the shadow dragon.
You headbutt the shadow dragon!
The shadow dragon is severely wounded.
The shadow dragon bites you but does no damage.
The shadow dragon claws you but does no damage. x2
You hit the shadow dragon but do no damage.
You headbutt the shadow dragon.
The shadow dragon is almost dead.
You closely miss the shadow dragon.
The shadow dragon is almost dead.
The shadow dragon bites you but does no damage.
You block the shadow dragon's attack. x2
You hit the shadow dragon. You burn the shadow dragon.
The shadow dragon is almost dead.
You slash the shadow dragon! You burn the shadow dragon!
You kill the shadow dragon!
The lich gestures wildly while chanting.
The lich seems to speed up.
You feel a strong urge to attack something.
You feel your anger nearly subside.
You are no longer berserk.
You are exhausted.
You feel yourself slow down.
The lich launches a ball of destructive magic.
An orb of destruction comes into view.
You block the lich's attack.
The wavering orb of destruction hits you!!!
You die...
Your body glows slightly and disappears.

############################
#..........@................
#..........○L........[..L[).
#....#######################
#.. ....... # ....##. D. #.
#.. #... #....


You could see a lich (fast).

Vanquished Creatures
  2 ancient liches (Vaults:5)
  Bai Suzhen (Spider:3)
  2 golden dragons (Depths:4)
  Arachne (Spider:4)
  Nikola (Spider:4)
  2 bone dragons (Depths:4)
  A tentacled monstrosity (Depths:4)
  2 liches
  2 deep elf blademasters
  A deep elf master archer (Elf:3)
  3 sphinxes
  5 tengu reavers
  Donald (Vaults:1)
  Aizul (Shoals:1)
  Kirke (Lair:2)
  2 shadow dragons (Vaults:5)
  6 fire giants
  8 frost giants
  3 emperor scorpions
  13 vault wardens
  9 ghost moths
  6 deep elf sorcerers
  An iron dragon (Depths:4)
  2 draconian scorchers (Depths:4)
  2 orc warlords
  4 deep elf elementalists
  9 very ugly things
  5 formless jellyfish
  14 ironbound preservers
  9 stone giants
  2 broodmothers (Spider:4)
  7 deep elf demonologists
  8 deep elf death magi (Elf:3)
  13 dire elephants
  A black draconian (Depths:4)
  A red draconian (Depths:4)
  9 ironbound thunderhulks
  5 vampire knights
  3 war gargoyles
  3 deep elf annihilators (Elf:3)
  2 white draconians (Depths:4)
  A crystal guardian (Vaults:1)
  A green death (Depths:3)
  13 spark wasps
  5 merfolk impalers
  8 ettins
  3 merfolk javelineers
  11 yaktaur captains
  6 fire dragons
  10 ice dragons
  5 entropy weavers
  2 jiangshi (Depths:2)
  Fannar (D:10)
  3 deep elf high priests
  2 great orbs of eyes
  21 vault guards
  A jorogumo (Spider:1)
  Erolcha (D:11)
  5 hydras
  4 rakshasas
  4 ogre magi
  6 spriggan air magi
  3 peacekeepers
  7 ironbound frosthearts
  3 merfolk avatars (Shoals:4)
  8 centaur warriors
  An alligator (Elf:3)
  12 two-headed ogres
  A catoblepas (Lair:5)
  2 merfolk aquamancers (Shoals:4)
  6 death yaks
  5 radroaches
  6 satyrs
  9 boulder beetles
  8 tengu warriors
  6 deep troll shamans
  3 thrashing horrors (Lair:5)
  10 spriggan berserkers
  A vampire mage (Depths:2)
  9 dancing weapons
  3 occultists
  5 deep troll earth magi
  4 demonic crawlers
  5 hell knights (D:15)
  Nergalle (D:12)
  3 sun demons
  6 orc high priests
  7 deep elf knights
  4 skeletal warriors
  A skyshark (Shoals:1)
  5 iron trolls
  2 glowing orange brains
  An orb spider (shapeshifter) (D:15)
  49 deep trolls
  5 pharaoh ants
  9 sea snakes
  7 orb spiders
  3 sixfirhies
  2 sun moths (Spider:4)
  12 arcanists
  7 lindwurms
  7 necromancers
  16 ironbound convokers
  12 deep elf archers
  7 orc knights
  18 deep elf zephyrmancers
  4 phantasmal warriors
  32 harpies
  A harpy (shapeshifter) (Lair:5)
  A sphinx simulacrum (Vaults:4)
  5 cyclopes
  6 orc sorcerers
  3 large abominations (Lair:5)
  6 steelbarb worms
  A cyclops (shapeshifter) (D:13)
  37 deep elf pyromancers
  37 ugly things
  A faun (shapeshifter) (D:13)
  16 wolf spiders
  16 manticores
  22 fauns
  A frost giant skeleton (Vaults:4)
  5 black mambas
  6 merfolk sirens
  13 meliai
  A rust devil (D:13)
  5 kobold blastminers (Orc:2)
  2 moths of wrath
  3 elephants (Lair:5)
  17 vault sentinels
  A black mamba (shapeshifter) (Elf:1)
  2 orange demons (D:13)
  A torpor snail (shapeshifter) (D:13)
  3 smoke demons
  3 water nymphs
  A gargoyle (D:11)
  A cane toad (shapeshifter) (D:13)
  4 torpor snails
  63 yaktaurs
  2 molten gargoyles (Volcano)
  A titan simulacrum (Vaults:4)
  3 cane toads
  9 rime drakes
  3 efreet (Volcano)
  Psyche (D:8)
  7 komodo dragons
  3 tengu conjurers
  2 ice devils (D:13)
  28 merfolk
  2 polar bears
  3 red devils (D:13)
  10 trolls
  A troll (shapeshifter) (D:13)
  2 hellwings (D:13)
  Prince Ribbit (D:5)
  23 dream sheep
  7 wind drakes
  A raiju (Lair:5)
  A raiju (shapeshifter) (Lair:5)
  A tyrant leech (Orc:2)
  19 blink frogs
  A queen bee (Elf:3)
  A shadow dragon simulacrum (Vaults:4)
  15 tarantellas
  A glass eye (shapeshifter) (Depths:2)
  9 snapping turtles
  A glass eye (Depths:4)
  6 hornets
  37 slime creatures
  Sigmund (D:3)
  2 vampires (D:13)
  2 air elementals
  17 culicivoras
  14 jumping spiders
  7 wyverns
  9 spriggans
  4 ynoxinuls
  15 humans (D:13)
  A spriggan (shapeshifter) (Lair:5)
  3 shadows
  8 water elementals
  4 wraiths (D:13)
  An elf zombie (Vaults:4)
  30 yaks
  A fire bat (D:6)
  Eustachio (D:6)
  7 wargs
  10 basilisks
  6 fire elementals
  A neqoxec (D:13)
  3 vampire mosquitoes (D:13)
  4 steam dragons
  48 redbacks
  2 chaos spawn (Lair:5)
  A swamp worm (Lair:2)
  4 acid dragons
  10 water moccasins
  6 black bears
  An ice beast (D:4)
  2 sky beasts (D:6)
  A laughing skull (Vaults:2)
  55 orc warriors
  16 ogres
  3 boggarts (Vaults:3)
  2 centaurs
  11 wolves
  2 phantoms
  3 kobold brigands
  9 bullfrogs
  3 scorpions
  14 small abominations (Lair:5)
  9 earth elementals
  A gnoll sergeant (D:10)
  16 wights
  13 killer bees
  2 electric eels
  3 howler monkeys
  3 bombardier beetles
  6 jellies
  A gnoll bouda (D:5)
  32 orc priests
  2 iguanas (D:4)
  Ijyb (D:5)
  Natasha (thrice) (D:2)
  19 orc wizards
  16 hell rats (Lair:4)
  14 gnolls
  6 adders
  A white imp (D:6)
  2 ufetubi (D:6)
  4 dart slugs
  3 ribbon worms
  103 orcs
  11 endoplasms
  6 giant cockroaches
  10 goblins
  8 hobgoblins
  5 jackals
  21 kobolds
  2 quokkas
  5 ball pythons
  3 bats
  3 frilled lizards
  4 rats
  A spectral weapon (Spider:3)
1791 creatures vanquished.

Vanquished Creatures (collateral kills)
  Saint Roka (Vaults:1)
  A deep elf master archer (Elf:3)
  Ilsuiw (Shoals:2)
  A frost giant (Depths:4)
  Louise (D:14)
  An ettin (Depths:4)
  A merfolk impaler (Shoals:2)
  A jiangshi (Depths:2)
  A fire dragon (Depths:2)
  A jorogumo (Spider:2)
  A centaur warrior (D:14)
  2 two-headed ogres (Vaults:1)
  A tengu warrior (D:8)
  A dancing weapon (Elf:2)
  A deep elf knight (Elf:3)
  3 hell knights (Depths:3)
  A sea snake (Shoals:3)
  2 deep trolls (Vaults:1)
  An orb spider (Spider:3)
  2 deep elf archers (Elf:3)
  3 necromancers (Depths:3)
  An ugly thing (D:13)
  A manticore (shapeshifter) (Vaults:5)
  A deep elf pyromancer (Elf:2)
  5 wolf spiders
  A cyclops (D:13)
  A manticore (Shoals:2)
  2 merfolk sirens (Shoals:2)
  A vault sentinel (Vaults:1)
  A water nymph (Shoals:2)
  A cane toad (Lair:5)
  A yaktaur (Vaults:1)
  3 merfolk (Shoals:2)
  A tarantella (Spider:2)
  A snapping turtle (Shoals:3)
  An air elemental (Elf:3)
  4 slime creatures (Vaults:2)
  3 culicivoras (Spider:2)
  A vampire mosquito (D:13)
  A black bear (Lair:4)
  A gnoll (D:2)
  2 orcs
  A frilled lizard (D:3)
  A kobold (D:2)
64 creatures vanquished.

Vanquished Creatures (others)
  A frost giant (Depths:4)
  A spark wasp (Spider:1)
  A jorogumo (Spider:1)
  A deep elf knight (Elf:2)
  A deep elf zephyrmancer (Elf:3)
  A tengu conjurer (Depths:4)
  A tarantella (Spider:4)
  A culicivora (Spider:1)
  A jumping spider (Spider:4)
  6 humans (Spider:1)
15 creatures vanquished.

Grand Total: 1870 creatures vanquished

Notes
Turn   | Place    | Note
-------+----------+-------------------------------------------
     0 | D:1      | Strat the Oni Artificer began the quest for the Orb.
     0 | D:1      | Reached XP level 1. HP: 19/19 MP: 1/1
    53 | D:1      | Reached skill level 1 in Maces & Flails
    53 | D:1      | Reached XP level 2. HP: 28/28 MP: 2/2
   445 | D:1      | Reached XP level 3. HP: 32/36 MP: 3/3
   518 | D:1      | Found The Oracle's Delphic Readings.
   522 | D:1      | Bought a scroll of teleportation for 42 gold pieces
   656 | D:2      | Noticed Natasha
   976 | D:2      | Killed Natasha
   977 | D:2      | Reached XP level 4. HP: 29/45 MP: 4/4
  1230 | D:2      | Noticed Natasha
  1234 | D:2      | Killed Natasha
  1290 | D:2      | Found a faded altar of an unknown god.
  1364 | D:2      | Noticed Natasha
  1367 | D:2      | Killed Natasha
  1368 | D:2      | Reached XP level 5. HP: 54/54 MP: 5/5
  1574 | D:3      | Noticed Sigmund
  1598 | D:3      | Found a glowing drain.
  1859 | Sewer    | Entered a sewer
  1925 | Sewer    | Noticed a kobold brigand
  1953 | Sewer    | Noticed a crocodile
  2110 | D:3      | Found Idiquu's Antique Armour Shop.
  2120 | D:3      | Bought a hat for 100 gold pieces
  2151 | D:3      | Reached XP level 6. HP: 63/63 MP: 6/6
  2396 | D:3      | Killed Sigmund
  2397 | D:3      | Reached skill level 5 in Fighting
  2397 | D:3      | Reached skill level 5 in Maces & Flails
  2550 | D:4      | Reached XP level 7. HP: 67/72 MP: 7/7
  3154 | D:4      | Reached XP level 8. HP: 81/84 MP: 8/8
  3213 | D:4      | Found an ornate altar of the Wu Jian Council.
  3223 | D:4      | Found a stormy altar of Qazlal.
  3279 | D:5      | Entered Level 5 of the Dungeon
  3321 | D:5      | Found Xulelel's Assorted Antiques.
  3325 | D:5      | Found a hide-covered altar of Uskayaw.
  3395 | D:5      | Noticed Ijyb
  3423 | D:5      | Killed Ijyb
  3675 | D:5      | Noticed Prince Ribbit
  3686 | D:5      | Killed Prince Ribbit
  4248 | D:6      | Noticed Eustachio
  4288 | D:6      | Killed Eustachio
  4705 | D:6      | Reached XP level 9. HP: 83/97 MP: 9/9
  5205 | D:6      | Found a shimmering altar of Xom.
  5216 | D:6      | Reached skill level 10 in Maces & Flails
  5850 | D:7      | Found a staircase to the Ecumenical Temple.
  5867 | Temple   | Found a transporter.
  5867 | Temple   | Found a transporter.
  5867 | Temple   | Found a transporter.
  5867 | Temple   | Found a transporter.
  5867 | Temple   | Entered the Ecumenical Temple
  5883 | Temple   | Became a worshipper of Nemelex Xobeh the Trickster
  5918 | D:7      | Noticed a two-headed ogre
  6047 | D:7      | Found an iron altar of Okawaru.
  6102 | D:7      | Reached skill level 10 in Fighting
  6244 | D:7      | Killed a two-headed ogre
  6245 | D:7      | Reached XP level 10. HP: 111/111 MP: 10/10
  6267 | D:7      | Found a shadowy altar of Dithmenos.
  6820 | D:8      | Reached skill level 1 in Axes
  6932 | D:8      | Found a flagged portal.
  6939 | D:8      | Reached * piety under Nemelex Xobeh
  6955 | Bailey   | Entered a bailey
  7426 | Bailey   | Identified the +8 falchion "Puaso" {vamp, rPois}
  8332 | D:8      | Noticed a skeletal warrior
  8360 | D:8      | Killed a skeletal warrior
  8361 | D:8      | Reached skill level 5 in Axes
  8437 | D:8      | Noticed a tengu warrior
  8453 | D:8      | Killed a tengu warrior
  8454 | D:8      | Reached XP level 11. HP: 64/124 MP: 11/11
  8746 | D:5      | Bought a kite shield for 90 gold pieces
  8746 | D:5      | Bought a scroll labelled RIAM BEBROEMOL for 20 gold pieces
  8911 | D:8      | Noticed Psyche
  8917 | D:8      | Killed Psyche
  8918 | D:8      | Reached skill level 1 in Shields
  8980 | D:8      | Found a glowing golden altar of the Shining One.
  9220 | D:9      | Received a gift from Nemelex Xobeh
  9241 | D:9      | Paralysed by a hornet for 3 turns
  9489 | D:9      | Learned a level 2 spell: Jinxbite
 10148 | D:9      | Reached ** piety under Nemelex Xobeh
 10442 | D:9      | Found a basalt altar of Yredelemnul.
 10616 | D:10     | Entered Level 10 of the Dungeon
 10649 | D:10     | Noticed a death yak
 10649 | D:10     | Noticed a death yak
 10649 | D:10     | Noticed a death yak
 10702 | D:10     | Noticed Fannar
 11147 | D:10     | Found a broken altar of Ashenzari.
 11151 | D:10     | Noticed a death yak
 11167 | D:10     | Found Facagh's Magic Scroll Shop.
 11287 | D:10     | Noticed a death yak
 11678 | D:10     | Found a staircase to the Lair.
 11770 | D:10     | Killed a death yak
 11771 | D:10     | Reached skill level 1 in Armour
 11912 | D:10     | Killed a death yak
 12001 | D:10     | Killed a death yak
 12049 | D:10     | Killed a death yak
 12050 | D:10     | Reached skill level 5 in Shields
 12122 | D:10     | Killed a death yak
 12123 | D:10     | Reached XP level 12. HP: 97/136 MP: 12/12
 12409 | D:10     | You fall into a shaft and drop 3 floors!
 12595 | D:12     | Noticed a boulder beetle
 12646 | D:12     | Noticed a two-headed ogre
 12776 | D:10     | Killed Fannar
 13046 | D:11     | Noticed Erolcha
 13370 | Lair:1   | Entered Level 1 of the Lair of Beasts
 13478 | Lair:1   | You fall into a shaft and drop 1 floor!
 13877 | Lair:2   | Reached skill level 5 in Armour
 13981 | Lair:2   | Found a hole to the Spider Nest.
 13981 | Lair:2   | Reached *** piety under Nemelex Xobeh
 14306 | Lair:1   | Reached skill level 10 in Axes
 14464 | Lair:1   | Received a gift from Nemelex Xobeh
 15705 | Lair:2   | Reached skill level 1 in Invocations
 15818 | Lair:2   | Received a gift from Nemelex Xobeh
 15929 | Lair:2   | Noticed a six-headed hydra
 15950 | Lair:2   | a six-headed hydra changed into a swamp worm
 15996 | Lair:2   | Reached XP level 13. HP: 144/144 MP: 14/14
 16081 | Lair:2   | Reached **** piety under Nemelex Xobeh
 16433 | Lair:3   | Found a hide-covered altar of Uskayaw.
 16433 | Lair:3   | Found an ornate altar of the Wu Jian Council.
 17090 | Lair:3   | Found a staircase to the Shoals.
 17366 | Lair:4   | Found a staircase to the Slime Pits.
 17603 | Lair:4   | Found a dark tunnel.
 17614 | Volcano  | Entered a volcano
 19233 | Lair:4   | Reached skill level 5 in Invocations
 19627 | Lair:4   | Received a gift from Nemelex Xobeh
 19910 | Slime:1  | Entered Level 1 of the Pits of Slime
 19924 | Lair:5   | Entered Level 5 of the Lair of Beasts
 20123 | Lair:5   | Reached XP level 14. HP: 96/153 MP: 18/18
 20304 | Lair:5   | Received a gift from Nemelex Xobeh
 20323 | Lair:5   | Reached ***** piety under Nemelex Xobeh
 20913 | Lair:5   | Received a gift from Nemelex Xobeh
 21656 | Lair:5   | Identified a scroll of acquirement
 21656 | Lair:5   | Acquired the +4 cloak of Polish {rPois Will+++ Int-4 Dex-4}
 22165 | Lair:5   | Identified the +9 quarterstaff "Anar" {distort, Will+++}
 22697 | Lair:5   | Found a corrupted altar of Lugonu.
 22697 | Lair:5   | Found a one-way gate to the infinite horrors of the Abyss.
 22810 | Lair:5   | Reached skill level 10 in Armour
 23324 | D:11     | Received a gift from Nemelex Xobeh
 23415 | D:11     | Found a staircase to the Orcish Mines.
 23577 | D:11     | Killed Erolcha
 23751 | Orc:1    | Entered Level 1 of the Orcish Mines
 23844 | Orc:1    | Received a gift from Nemelex Xobeh
 23991 | Orc:2    | Entered Level 2 of the Orcish Mines
 24938 | Orc:2    | Reached XP level 15. HP: 79/161 MP: 21/21
 25375 | Orc:2    | Found a staircase to the Elven Halls.
 25420 | Orc:2    | Noticed an orc warlord
 25428 | Orc:2    | an orc warlord changed into a tyrant leech
 25917 | Orc:2    | Noticed an orc warlord
 26118 | Orc:2    | Killed an orc warlord
 26326 | Orc:2    | Found Suqimoge's Antique Armour Boutique.
 26331 | Orc:2    | Found Viggog's General Store.
 26458 | Orc:2    | Bought a scroll of teleportation for 33 gold pieces
 26458 | Orc:2    | Bought a scroll of enchant weapon for 82 gold pieces
 26458 | Orc:2    | Bought a potion of might for 44 gold pieces
 26844 | Orc:2    | Found Touzyon's Antique Weapon Shoppe.
 27186 | Orc:2    | Found Ynyemen's Weapon Boutique.
 27451 | Orc:1    | Received a gift from Nemelex Xobeh
 27508 | Orc:2    | Reached skill level 15 in Axes
 27656 | Orc:2    | Bought a glowing broad axe for 182 gold pieces
 27831 | Orc:1    | Found Utuus's Book Boutique.
 28127 | D:5      | Bought a potion of cancellation for 160 gold pieces
 28127 | D:5      | Bought a potion of might for 80 gold pieces
 28902 | D:12     | Received a gift from Nemelex Xobeh
 29087 | D:12     | Noticed Nergalle
 29094 | D:12     | Killed Nergalle
 29212 | D:12     | Received a gift from Nemelex Xobeh
 29354 | D:12     | Reached ****** piety under Nemelex Xobeh
 29650 | D:13     | Reached skill level 10 in Invocations
 29726 | D:13     | Noticed a frost giant
 29988 | D:13     | Noticed a sphinx
 30213 | D:13     | Killed a frost giant
 31296 | D:13     | Killed a sphinx
 31297 | D:13     | Reached XP level 16. HP: 136/174 MP: 23/23
 31316 | D:13     | Reached skill level 15 in Fighting
 31341 | D:13     | Reached skill level 1 in Throwing
 32411 | D:13     | Noticed a tengu reaver
 32643 | D:13     | Found Zixtu's Armour Boutique.
 32892 | D:13     | Found a gate to the Vaults.
 33091 | D:13     | Killed a tengu reaver
 33557 | D:14     | Received a gift from Nemelex Xobeh
 33640 | D:14     | Found a hazy altar of Hepliaklqana.
 33715 | D:14     | Noticed Louise
 33897 | D:14     | Killed Louise
 34164 | D:15     | Entered Level 15 of the Dungeon
 34171 | D:15     | Received a gift from Nemelex Xobeh
 34507 | D:15     | Found an iron altar of Okawaru.
 34690 | D:15     | Reached skill level 5 in Throwing
 34836 | D:15     | Received a gift from Nemelex Xobeh
 34840 | D:15     | Found a transporter.
 34853 | D:15     | Found a transporter.
 34929 | D:15     | Found a runed translucent gate.
 34929 | D:15     | Found a runed translucent gate.
 34930 | D:15     | Found a runed translucent gate.
 34935 | D:15     | Noticed MuffinSoup's ghost (journeyman OpHW)
 34935 | D:15     | Noticed an acid blob
 34956 | D:15     | Found a transporter.
 34960 | D:15     | Found a transporter.
 35010 | D:15     | Found a transporter.
 35012 | D:15     | Found a transporter.
 35343 | D:15     | Reached skill level 10 in Shields
 35363 | D:15     | Reached XP level 17. HP: 182/188 MP: 26/26
 35387 | D:15     | Found a staircase to the Depths.
 35618 | D:15     | Found a viscous altar of Jiyva.
 35811 | Elf:1    | Entered Level 1 of the Elven Halls
 36119 | Elf:1    | Found a radiant altar of Vehumet.
 36134 | Elf:1    | Paralysed by an air elemental for 1 turns
 36137 | Elf:1    | Paralysed by an air elemental for 1 turns
 36350 | Elf:1    | Received a gift from Nemelex Xobeh
 37013 | Elf:1    | Received a gift from Nemelex Xobeh
 37157 | Elf:1    | Found Foon's Armour Shoppe.
 37172 | Elf:1    | Bought the +2 hood of the Assassin {Detect Stab+ Stlth++}
                  | for 900 gold pieces
 37172 | Elf:1    | Found the +2 hood of the Assassin {Detect Stab+ Stlth++}
 38021 | Elf:2    | Found Defeok's Magic Scroll Shop.
 38045 | Elf:2    | Bought a scroll of fog for 64 gold pieces
 38045 | Elf:2    | Bought a scroll of summoning for 152 gold pieces
 39207 | Elf:2    | Found a runed translucent gate.
 39207 | Elf:2    | Found a runed translucent gate.
 39207 | Elf:2    | Found a runed translucent gate.
 39301 | Elf:3    | Entered Level 3 of the Elven Halls
 39338 | Elf:3    | Found a huge runed translucent gate.
 39338 | Elf:3    | Found a huge runed translucent gate.
 39338 | Elf:3    | Found a huge runed translucent gate.
 39340 | Elf:3    | Received a gift from Nemelex Xobeh
 39340 | Elf:3    | Found a huge runed translucent gate.
 39341 | Elf:3    | Found a huge runed translucent gate.
 39341 | Elf:3    | Found a huge runed translucent gate.
 39342 | Elf:3    | Found a huge runed translucent gate.
 39613 | Elf:3    | Paralysed by an air elemental for 1 turns
 39616 | Elf:3    | Paralysed by an air elemental for 1 turns
 39747 | Elf:3    | Found a huge runed translucent gate.
 39747 | Elf:3    | Found a huge runed translucent gate.
 39747 | Elf:3    | Found a huge runed translucent gate.
 39747 | Elf:3    | Found a huge runed translucent gate.
 39747 | Elf:3    | Found a huge runed translucent gate.
 39747 | Elf:3    | Found a huge runed translucent gate.
 39747 | Elf:3    | Found a huge runed translucent gate.
 39747 | Elf:3    | Found a huge runed translucent gate.
 39747 | Elf:3    | Found a huge runed translucent gate.
 39747 | Elf:3    | Found a huge runed translucent gate.
 39747 | Elf:3    | Found a huge runed translucent gate.
 39747 | Elf:3    | Found a huge runed translucent gate.
 39747 | Elf:3    | Found a huge runed translucent gate.
 39747 | Elf:3    | Found a huge runed translucent gate.
 39915 | Spider:1 | Entered Level 1 of the Spider Nest
 40948 | Spider:1 | Noticed Kirke
 40989 | Lair:2   | Killed Kirke
 42793 | Spider:2 | Reached XP level 18. HP: 188/197 MP: 28/28
 43300 | Spider:2 | Acquired 873 gold pieces
 43780 | Spider:3 | Identified the -1 hand axe of the Abyss {heavy, rC+ Int+3}
 44275 | Spider:3 | Received a gift from Nemelex Xobeh
 44679 | Spider:3 | Noticed Bai Suzhen
 44777 | Spider:3 | Killed Bai Suzhen
 45075 | Spider:3 | Found a large runed translucent door.
 45075 | Spider:3 | Found a large runed translucent door.
 45217 | Spider:4 | Entered Level 4 of the Spider Nest
 45217 | Spider:4 | Noticed Roxanne
 45962 | Spider:4 | Learned a level 2 spell: Blink
 46423 | Spider:4 | Noticed Nikola
 46453 | Spider:4 | Killed Nikola
 46901 | Spider:4 | Received a gift from Nemelex Xobeh
 46943 | Spider:4 | Noticed Arachne
 46961 | Spider:4 | Killed Arachne
 47329 | Spider:4 | Reached skill level 15 in Invocations
 47895 | Spider:4 | Reached skill level 10 in Throwing
 48508 | Spider:4 | Reached XP level 19. HP: 204/205 MP: 30/30
 48878 | Shoals:1 | Entered Level 1 of the Shoals
 48999 | Shoals:1 | Received a gift from Nemelex Xobeh
 49676 | Shoals:1 | Found Iwugyp's Firing Range.
 49676 | Shoals:1 | Identified the serpent talisman of Elonu {Dex+3}
 49676 | Shoals:1 | Noticed Aizul
 49702 | Shoals:1 | Killed Aizul
 49750 | Shoals:1 | Bought 4 large rocks for 78 gold pieces
 49750 | Shoals:1 | Bought 5 large rocks for 97 gold pieces
 50556 | Shoals:2 | Received a gift from Nemelex Xobeh
 50579 | Shoals:2 | Noticed Ilsuiw
 50588 | Shoals:2 | Killed Ilsuiw
 50965 | Shoals:2 | Noticed Mlioglotl
 51623 | Shoals:3 | Found a runed translucent gate.
 51623 | Shoals:3 | Found a runed translucent gate.
 51625 | Shoals:3 | Found an opulent altar of Gozag.
 51654 | Shoals:3 | Found a runed translucent gate.
 51656 | Shoals:3 | Found Ykotiem's Assorted Antiques.
 51656 | Shoals:3 | Noticed royokou's ghost (adept GrEE)
 51657 | Shoals:3 | Found Allun's Assorted Antiques.
 51690 | Shoals:3 | Received a gift from Nemelex Xobeh
 51972 | Shoals:4 | Entered Level 4 of the Shoals
 52389 | Shoals:4 | Received a gift from Nemelex Xobeh
 52713 | Shoals:4 | Found Jeruelecuyl's Vocational Training.
 53374 | Shoals:4 | Identified the +10 mace of Corporal Punishment {elec,
                  | +Blink Str+4}
 54184 | Shoals:4 | Identified the +11 whip of Diet Blood {drain, rPois Int+3}
 54581 | Shoals:4 | Received a gift from Nemelex Xobeh
 54609 | Shoals:4 | Reached XP level 20. HP: 224/226 MP: 32/32
 54631 | Shoals:4 | Bought a manual of Evocations for 1200 gold pieces
 54919 | Depths:1 | Entered Level 1 of the Depths
 56069 | Depths:1 | Found a gateway to Hell.
 56179 | Depths:1 | Found Ugaseyl's Tiny Tomes.
 56201 | Depths:1 | Identified the +5 ring mail of the Vaults {Str-4 Int+2
                  | Slay+5}
 57101 | Depths:1 | Reached skill level 5 in Evocations
 58514 | Depths:2 | Reached skill level 15 in Shields
 58703 | Depths:2 | Found a one-way gate leading to the halls of Pandemonium.
 59844 | Depths:2 | Received a gift from Nemelex Xobeh
 61224 | Depths:3 | Identified the +10 scimitar "Demonbane" {distort, rF+}
 61455 | Depths:3 | Found a portal to a secret trove of treasure.
 61699 | Depths:3 | Reached XP level 21. HP: 226/234 MP: 34/34
 61786 | Depths:3 | Received a gift from Nemelex Xobeh
 62121 | Depths:4 | Entered Level 4 of the Depths
 63795 | Depths:4 | Received a gift from Nemelex Xobeh
 64326 | Depths:4 | Noticed a golden dragon
 64345 | Depths:4 | Killed a golden dragon
 64618 | Depths:4 | Received a gift from Nemelex Xobeh
 64622 | Depths:4 | Found a one-way gateway to a ziggurat.
 64622 | Depths:4 | Noticed a dread lich
 64674 | Depths:4 | Reached skill level 10 in Evocations
 65161 | Depths:4 | Noticed a bone dragon
 65165 | Depths:4 | Noticed a bone dragon
 65220 | Depths:4 | Killed a bone dragon
 65522 | Depths:4 | Noticed a golden dragon
 65637 | Depths:4 | Killed a bone dragon
 65710 | Depths:4 | Killed a golden dragon
 65926 | Depths:4 | Found a gate to the Realm of Zot.
 66429 | Elf:3    | Found a huge runed translucent gate.
 66454 | Elf:3    | Found a huge runed translucent gate.
 66454 | Elf:3    | Found a huge runed translucent gate.
 66454 | Elf:3    | Found a huge runed translucent gate.
 66463 | Elf:3    | Reached skill level 15 in Throwing
 66463 | Elf:3    | Found a huge runed translucent gate.
 66467 | Elf:3    | Found a huge runed translucent gate.
 66467 | Elf:3    | Found a huge runed translucent gate.
 66467 | Elf:3    | Found a huge runed translucent gate.
 66467 | Elf:3    | Found a huge runed translucent gate.
 66476 | Elf:3    | Found a huge runed translucent gate.
 66476 | Elf:3    | Found a huge runed translucent gate.
 66476 | Elf:3    | Found a huge runed translucent gate.
 66478 | Elf:3    | Found a huge runed translucent gate.
 66479 | Elf:3    | Found a huge runed translucent gate.
 66480 | Elf:3    | Found a huge runed translucent gate.
 66631 | Elf:3    | Identified the +0 crystal plate armour of Noon {rN+++
                  | Regen+ Str+3 Int-4}
 68293 | Elf:3    | Reached XP level 22. HP: 122/199 MP: 35/35
 68424 | Elf:3    | Identified the +10 battleaxe of the Sharing Gods {freeze,
                  | rPois Str+5}
 69047 | Elf:3    | Identified the +6 dagger of Might {protect, *Corrode Str+4
                  | SInv Stlth+}
 69283 | Elf:3    | Identified the staff of Hacking and Slashing {rF+ rC- rN+
                  | Hexes Necro Ice}
 69439 | Elf:3    | Acquired a manual of Throwing
 69800 | Vaults:1 | Entered Level 1 of the Vaults
 70984 | Vaults:1 | Found Geeso's Armour Boutique.
 71381 | Vaults:1 | Received a gift from Nemelex Xobeh
 71582 | Vaults:1 | Noticed Saint Roka
 71924 | Vaults:1 | Killed Saint Roka
 72125 | Vaults:1 | Noticed Donald
 72159 | Vaults:1 | Killed Donald
 72453 | Vaults:1 | Received a gift from Nemelex Xobeh
 72956 | Vaults:2 | Received a gift from Nemelex Xobeh
 73205 | Vaults:2 | Reached XP level 23. HP: 231/252 MP: 36/36
 73254 | Vaults:2 | Received a gift from Nemelex Xobeh
 73440 | Vaults:2 | Found a staircase to the Crypt.
 73717 | Vaults:2 | Found Vaiboi's Antique Weapon Shop.
 74393 | Vaults:2 | Received a gift from Nemelex Xobeh
 75347 | Vaults:3 | Received a gift from Nemelex Xobeh
 75663 | Vaults:3 | Found Ekked's Magic Scroll Boutique.
 75673 | Vaults:3 | Bought a scroll of enchant weapon for 120 gold pieces
 75673 | Vaults:3 | Bought a scroll of revelation for 120 gold pieces
 75673 | Vaults:3 | Bought a scroll of revelation for 120 gold pieces
 75673 | Vaults:3 | Bought a scroll of revelation for 120 gold pieces
 75673 | Vaults:3 | Bought a scroll of teleportation for 48 gold pieces
 75673 | Vaults:3 | Bought a scroll of fog for 64 gold pieces
 75673 | Vaults:3 | Bought a scroll of enchant armour for 120 gold pieces
 75687 | Vaults:3 | Reached skill level 15 in Evocations
 75745 | Vaults:3 | Noticed Mennas
 75807 | Vaults:3 | Banished Mennas
 76891 | Vaults:4 | Received a gift from Nemelex Xobeh
 77106 | Vaults:4 | Paralysed by a formless jellyfish for 1 turns
 77752 | Vaults:4 | Received a gift from Nemelex Xobeh
 77974 | Vaults:4 | Received a gift from Nemelex Xobeh
 78236 | Vaults:5 | Entered Level 5 of the Vaults
 78250 | Vaults:4 | Reached XP level 24. HP: 172/262 MP: 36/36
 78605 | Vaults:5 | Noticed an ancient lich
 78616 | Vaults:5 | Killed an ancient lich
 78758 | Vaults:5 | Noticed an ancient lich
 78777 | Vaults:5 | Killed an ancient lich
 78886 | Vaults:5 | Identified the ring "Onaecsao" {rElec rC+ Will+ Dex+3}
 79060 | Vaults:5 | Received a gift from Nemelex Xobeh
 79225 | Vaults:5 | Blown up by a lich

Illustrated notes

Levels and vault maps discovered:
D:1:      dpeg_arrival_simpleton_c, layout_rooms, nicolae_nh_oracle_at_delphi
D:2:      layout_basic, hellmonk_ecumenical_altar_crossroads, corexii_shack,
          uniq_natasha
D:3:      layout_rooms, serial_shops, shop, cheibrodos_sewer_entry_drain,
          small_statue_intersection, uniq_sigmund
D:4:      layout_basic, amethyst_overflow_temple_binary
D:5:      layout_rooms, nicolae_uskayaw_dance_hall, serial_shops, shop,
          uniq_ijyb, uniq_prince_ribbit1
D:6:      layout_basic, regret_index_xom_of_box, minmay_misc_feat_iff,
          uniq_eustachio
D:7:      layout_rooms, mainiacjoe_overflow_paths, grunt_dithmenos_smoke,
          minmay_temple_entry_antechambers
D:8:      layout_basic, kennysheep_little_box, enter_bailey_5, nrook_uturn,
          minmay_misc_feat_x, minmay_three_doors, uniq_psyche
D:9:      layout_long_grid, kennysheep_mini
D:10:     layout_roguey, mainiacjoe_overflow_chevrons, dpeg_lair_monsters,
          serial_shops, shop, uniq_fannar
D:11:     layout_rooms, hiddenorc1_lemuel, uniq_erolcha
D:12:     layout_stronghold, uniq_nergalle
D:13:     minmay_wizard_corner, layout_loops_cross, grunt_vaults_entry_tiered,
          gauntlet_entry_generic, serial_shops,
          nicolae_shop_pleasant_corner_grove, serial_demonic, serial_demonic_b,
          serial_demonic_d, serial_demonic_e, serial_demonic_a,
          serial_demonic_f, serial_demonic_d, nicolae_rejected_hall
D:14:     layout_rooms, nicolae_hepliaklqana_hazy_memory, uniq_louise
D:15:     gammafunk_enter_depths_forms, layout_long_grid, gammafunk_ghost_ooze,
          okawaru_gym_becter, serial_nicolae_subway,
          nicolae_sub_station_crystal, nicolae_sub_station_stone,
          nicolae_sub_station_metal
Temple:   hellmonk_temple_divided_pantheon
Lair:1:   layout_small_grid
Lair:2:   wad_woods_tower, layout_gridlike, spider_nest_entry_web_field,
          wad_woods_06, patterned_corridor
Lair:3:   layout_roguey, elwin_shoals_entry_rocks,
          nzn_masters_of_martial_movement
Lair:4:   layout_loops_ring, nicolae_slime_entry_field_trip, enter_volcano_2,
          special_room [special_room_mythical_zoo], gammafunk_lair_bear_cave
Lair:5:   hellmonk_lair_end_abyssal_woods, layout_layer_cave, minivault_19
Shoals:1: layout_shoals, nicolae_shoals_seven_spires, nicolae_shop_firing_range,
          uniq_aizul
Shoals:2: layout_shoals, uniq_ilsuiw, uniq_mlioglotl
Shoals:3: layout_shoals, ebering_ghost_gozag
Shoals:4: shoals_end_grunt_garden, layout_shoals, nicolae_shop_vocational
Spider:1: layout_spider_delve, uniq_kirke
Spider:2: layout_spider_delve
Spider:3: layout_spider_delve, spiders_nest_the_unseen, uniq_bai_suzhen
Spider:4: grunt_spider_rune_parallel, drop_trap, hellmonk_spider_spawner,
          uniq_arachne, uniq_nikola, uniq_roxanne
Slime:1:  layout_caves, nicolae_slime_barrier
Orc:1:    layout_caves, serial_shops, shop, nicolae_orc_beogh_chapel
Orc:2:    pubby_orc_utopia, serial_shops
Elf:1:    eino_elf_arrival_shootout, layout_gridlike, basic_altar, serial_shops,
          shop, minmay_elf_crystal_hexagon, abandoned_shop
Elf:2:    nicolae_elf_blades_splatter_lattice [mumra_blade_entry_dagger],
          layout_gridlike, serial_shops, shop
Elf:3:    grunt_elf_hall_diamonds, layout_rooms, door_vault
Vaults:1: vaults_room_corners, nicolae_vaults_closet_pinwheel_2,
          vaults_room_fancy_cross, vaults_room_grunt_arrival_ludios,
          nicolae_vaults_storage_closets_2, nicolae_vaults_tetromino_L_2,
          nicolae_vaults_twisting_passages, hangedman_vaults_slice,
          vaults_room_pool, layout_vaults_omnigrid, serial_shops, shop,
          uniq_saint_roka, uniq_donald
Vaults:2: vaults_room_semicircle, nicolae_vaults_shelves_hall,
          minmay_crypt_entry_simple_sparse, hangedman_vaults_unwind, v_misc_11,
          v_misc_22, vaults_mumra_lcd, nicolae_vaults_specimen_jars,
          nicolae_vaults_tetromino_Z_1, nicolae_vaults_trapezoid_3, v_misc_15,
          nicolae_vaults_tetromino_T_1, layout_vaults_omnicross, serial_shops,
          shop
Vaults:3: nicolae_vaults_shrinking_rooms_2, hangedman_vaults_impose, v_rooms_2,
          ontoclasm_vaults_bender, nicolae_vaults_cornered_office,
          vaults_standard_mumra_enter_the_diamond, v_misc_13,
          nicolae_vaults_network_periphery, vaults_room_large_hall,
          nicolae_vaults_little_squares_4, nicolae_vaults_offset_grid_hallway_1,
          hangedman_vaults_trim, vaults_room_pool,
          nicolae_vaults_variable_pillar_hall, layout_vaults_maze_snakey,
          serial_shops, nicolae_shop_statue_plus, uniq_mennas
Vaults:4: nicolae_vaults_surprise_closet, vaults_room_octagon, v_alt_pattern_2,
          nicolae_vaults_trapezoid_3, nicolae_vaults_closet_pinwheel_3,
          ontoclasm_vaults_hangar, nicolae_vaults_asterisk,
          dpeg_vaults_monster_box, layout_vaults_chaotic_city
Vaults:5: uniq_margery
Depths:1: layout_cross, grunt_metal_band, good_gods_temple_1, st_stairs_8,
          nicolae_shop_i_like_small_books_too
Depths:2: kennysheep_blocky_hall, layout_twisted_cross, hangedman_decor_lopped,
          hell_entry, pan_entry, hangedman_decor_opposing
Depths:3: minmay_polygon_palace, layout_small_grid, abyss_entry,
          rand_demon_pan_entry_8, hell_entry, nicolae_trove_entry_columns,
          drop_trap, minmay_staircase_statues_hall_small
Depths:4: evilmike_zot_entry_hall, layout_gridlike, enter_ziggurat_d,
          minmay_misc_feat_doors, hell_entry, grunt_megastairs_2

Skill      XL: |  1  2  3  4  5  6  7  8  9 10 11 12 13 14 15 16 17 18 19 20 21 22 23 24 |
---------------+-------------------------------------------------------------------------+-----
Maces & Flails | 1 2 3 4 5 6 9 11 | 11.6
Fighting       | 2 3 4 5 6 8 10 12 13 14 16 17 19 | 19.5
Axes           | 6 8 10 12 14 16 | 16.6
Shields        | 5 7 8 10 11 12 13 15 16 17 | 17.0
Armour         | 3 6 8 10 11 13 | 13.1
Invocations    | 1 5 8 10 12 13 15 17 18 19 | 19.5
Throwing       | 5 8 10 12 13 16 19 | 19.0
Evocations     | 7 10 13 16 | 16.0
Dodging        | |  2.1
Stealth        | |  0.6

Action                     |  1- 3 |  4- 6 |  7- 9 | 10-12 | 13-15 | 16-18 | 19-21 | 22-24 || total
---------------------------+-------+-------+-------+-------+-------+-------+-------+-------++-------
  Melee: Club              |    34 |       |       |       |       |       |       |       ||    34
         Headbutt          |    14 |    21 |    57 |   181 |   321 |   366 |   477 |   465 ||  1902
         Whip              |    44 |    98 |   234 |    36 |       |       |       |       ||   412
         Punch             |     2 |     1 |     5 |     3 |       |       |       |       ||    11
         Mace              |       |       |    16 |       |       |       |       |       ||    16
         Broad axe         |       |       |       |   718 |  1470 |  1562 |  1867 |  1450 ||  7067
         Morningstar       |       |       |       |     1 |    18 |     6 |       |       ||    25
  Throw: Throwing net      |       |       |     1 |       |       |       |       |       ||     1
         Boomerang         |       |       |       |       |       |    28 |     3 |       ||    31
         Dart              |       |       |       |       |       |     1 |       |       ||     1
 Invoke: Draw Destruction  |       |       |       |     5 |    37 |    32 |    13 |    21 ||   108
         Draw Summoning    |       |       |       |       |     6 |    20 |    10 |    12 ||    48
         Stack Five        |       |       |       |       |       |     1 |       |       ||     1
         Draw Stack        |       |       |       |       |       |       |       |     4 ||     4
  Evoke: Wand              |    11 |    23 |    36 |    12 |     7 |    10 |       |     1 ||   100
    Use: Scroll            |       |       |    17 |     9 |    15 |     9 |     5 |    15 ||    70
         Potion            |       |       |     1 |     1 |     6 |    12 |     7 |    23 ||    50
   Stab: Sleeping          |     1 |       |     1 |     1 |     6 |     3 |       |       ||    12
         Held in net/web   |       |       |     1 |       |       |       |       |       ||     1
         Distracted        |       |       |       |     2 |     4 |     4 |       |     1 ||    11
         Petrified         |       |       |       |       |     3 |     1 |       |       ||     4
         Petrifying        |       |       |       |       |     1 |       |       |       ||     1
         Invisible         |       |       |       |       |       |     2 |     6 |       ||     8
 Armour: Robe              |    51 |    47 |    92 |       |       |       |       |       ||   190
         Steam dragon scal |       |       |    42 |   318 |       |       |       |       ||   360
         Shadow dragon sca |       |       |       |   260 |  1061 |  1202 |       |       ||  2523
         Acid dragon scale |       |       |       |    10 |       |       |       |       ||    10
         Storm dragon scal |       |       |       |       |       |   487 |  1910 |  1120 ||  3517
  Dodge: Dodged            |    47 |    57 |   128 |   365 |   376 |   460 |   510 |   202 ||  2145
  Block: Kite shield       |       |       |       |   273 |   671 |   767 |   972 |   708 ||  3391
         Reflection        |       |       |       |       |       |       |       |    35 ||    35
